 Dungeon Crawl Stone Soup version 0.25-a0-734-g73332aeda9 (webtiles) character file.

Game seed: 322176244384495938, levelgen mode: deterministic

905 wullow the Shield-Bearer (level 7, -9/56 HPs)
             Began as a Demonspawn Fighter on Apr 11, 2020.
             Mangled by Menkaure (17 damage)
             ... in an ossuary.
             The game lasted 00:12:08 (3987 turns).

wullow the Shield-Bearer (Demonspawn Fighter)       Turns: 3987, Time: 00:12:09

Health: -9/56      AC: 10    Str: 18    XL:     7   Next: 80%
Magic:  7/7        EV:  7    Int:  9    God:
Gold:   217        SH: 10    Dex: 18    Spells: 6/6 levels left

rFire    . . .     SeeInvis .   a - +0 rapier
rCold    . . .     Gourm    .   c - +0 kite shield
rNeg     . . .     Faith    .   b - +0 scale mail
rPois    .         Spirit   .   (helmet restricted)
rElec    .         Reflect  .   (no cloak)
rCorr    .         Harm     .   w - +1 pair of gloves
MR       .....                  (no boots)
Stlth    ..........             (no amulet)
HPRegen  0.18/turn              u - +5 ring of dexterity
MPRegen  0.10/turn              j - ring of flight

@: marked
A: antennae 2, icy blue scales 1, spiny 2
a: Evoke Flight


You were in an ossuary.
You were not hungry.

You visited 1 branch of the dungeon, and saw 5 of its levels.
You also visited: Sewer and Ossuary.

You collected 217 gold pieces.

Inventory:

Hand Weapons
 a - a +0 rapier (weapon)
 i - a +0 hunting sling
Missiles
 e - 118 arrows
 h - 30 sling bullets
 k - 59 poisoned darts (quivered)
 p - 107 stones
Armour
 b - a +0 scale mail (worn)
 c - a +0 kite shield (worn)
 w - a +1 pair of gloves (worn)
Jewellery
 j - a ring of flight (right hand)
 u - a +5 ring of dexterity (left hand)
Wands
 H - a wand of flame (13)
 I - a wand of disintegration (8)
Scrolls
 l - a scroll of immolation {unknown}
 o - a scroll of blinking {unknown}
 t - a scroll of magic mapping
 v - 6 scrolls of teleportation
 y - a scroll of enchant armour {unknown}
 B - 2 scrolls of fog
 D - a scroll of amnesia {unknown}
Potions
 d - a potion of mutation {unknown}
 g - 4 potions of curing {unknown}
 n - 2 potions of berserk rage {unknown}
 s - 2 potions of lignification {unknown}
 x - a potion of resistance {unknown}
 z - a potion of haste {unknown}
 A - 2 potions of magic {unknown}
 C - 2 potions of heal wounds {unknown}
 E - a potion of cancellation {unknown}
Comestibles
 f - 13 rations


   Skills:
 + Level 5.0 Fighting
 * Level 5.3 Short Blades
 - Level 3.0 Armour
 * Level 5.7 Shields


You had 6 spell levels left.
You didn't know any spells.
Your spell library was empty.

Dungeon Overview and Level Annotations

Branches:
Dungeon (5/15)              Sewer (visited)         Ossuary (1/1)
 Temple: D:4-7

Altars:
Ashenzari
Fedhas
Kikubaaqudgha
Ru
Vehumet
Yredelemnul

Annotations:
Ossuary Menkaure


Innate Abilities, Weirdness & Mutations

You have a pair of antennae on your head.
You are partially covered in icy blue scales. (AC +2)
You are mostly covered in sharp spines.


Message History

The alarm trap emits a blaring wail!
The mark upon you grows brighter.
You hit Menkaure but do no damage. Menkaure hits you but does no damage.
You hit Menkaure.
Menkaure is lightly damaged.
You block Menkaure's attack.
Your scale mail prevents you from hitting Menkaure.
Menkaure is lightly damaged.
You block Menkaure's attack.
Menkaure calls on the powers of darkness!
Your body is wracked with pain!
* * * LOW HITPOINT WARNING * * *
You puncture Menkaure!
Menkaure is severely damaged.
Menkaure is struck by your spines. Menkaure hits you!
* * * LOW HITPOINT WARNING * * *
You hit Menkaure.
Menkaure is severely damaged.
Menkaure is struck by your spines. Menkaure hits you!
You die...

##..^.## ##.^##..##
##..####..## ##..######..##
##..##^...##..##
##^.##..##..##..##
##^.##..####..##..##
##..##.^######..##..##
##..##..##^M@.##..##..##
##..##.^##.M##..##^.##..##
##..##^.##.M####..##^.##..##
##..##..##..##
##^.##..##..##
##..##..##..##
##..##..##..## #..##^.##..##
##.^##..##..## ..##..##..##
{##.^##..##..# .##..##..##
##.^##..##.^ ##..##..## {
##..##..##.


You could see Menkaure and 2 mummies.

Vanquished Creatures
  Sigmund (D:2)
  A water moccasin (D:4)
  A scorpion (D:3)
  A hound (D:4)
  2 centaur skeletons (D:4)
  2 iguanas
  An orc wizard (D:2)
  Terence (D:2)
  A mummy (Ossuary)
  3 river rats
  20 adders
  5 oozes
  An adder skeleton (D:4)
  6 worms
  A dart slug (D:3)
  2 leopard geckos (D:2)
  9 orcs
  7 bats (D:1)
  4 giant cockroaches
  3 goblins (D:2)
  9 hobgoblins
  15 jackals
  4 ball pythons
  13 frilled lizards
  4 gnoll skeletons (Ossuary)
  A gnoll zombie (Ossuary)
  A goblin skeleton (Ossuary)
  3 goblin zombies
  5 hobgoblin skeletons (Ossuary)
  3 hobgoblin zombies (Ossuary)
  5 kobolds
  6 kobold skeletons (Ossuary)
  4 kobold zombies (Ossuary)
  3 orc skeletons (Ossuary)
  5 orc zombies
  10 rats
  4 rat skeletons (Ossuary)
  9 rat zombies (Ossuary)
176 creatures vanquished.

Vanquished Creatures (others)
  A goblin zombie (Ossuary)
  A kobold skeleton (Ossuary)
2 creatures vanquished.

Grand Total: 178 creatures vanquished

Notes
Turn   | Place    | Note
-------+----------+-------------------------------------------
     0 | D:1      | wullow the Demonspawn Fighter began the quest for the Orb.
     0 | D:1      | Reached XP level 1. HP: 18/18 MP: 1/1
    89 | D:1      | Gained mutation: You are partially covered in sharp spines.
                  | [demonic ancestry]
    89 | D:1      | Reached XP level 2. HP: 13/24 MP: 2/2
   571 | D:2      | Found a sacrificial altar of Ru.
   588 | D:2      | Gained mutation: You have a pair of small antennae on your
                  | head. [demonic ancestry]
   588 | D:2      | Reached XP level 3. HP: 26/29 MP: 3/3
   705 | D:2      | Noticed Sigmund
   708 | D:2      | Reached XP level 4. HP: 32/35 MP: 4/4
   717 | D:2      | Killed Sigmund
   717 | D:2      | Gained mutation: You are mostly covered in sharp spines.
                  | [demonic ancestry]
   717 | D:2      | Reached XP level 5. HP: 25/42 MP: 5/5
   942 | D:2      | Found a basalt altar of Yredelemnul.
  1257 | D:2      | Gained mutation: You are partially covered in icy blue
                  | scales. (AC +2) [demonic ancestry]
  1257 | D:2      | Reached XP level 6. HP: 48/48 MP: 6/6
  1353 | D:2      | Found a shattered altar of Ashenzari.
  1504 | D:2      | Noticed Terence
  1531 | D:2      | Killed Terence
  1752 | D:2      | You fall into a shaft and drop 1 floor!
  1752 | D:3      | Found a blossoming altar of Fedhas.
  2429 | D:3      | Found a glowing drain.
  2438 | Sewer    | Entered a sewer
  2507 | Sewer    | Gained mutation: You have a pair of antennae on your head.
                  | [demonic ancestry]
  2507 | Sewer    | Reached XP level 7. HP: 55/55 MP: 7/7
  2800 | D:3      | Reached skill level 5 in Shields
  3201 | D:4      | Reached skill level 5 in Short Blades
  3216 | D:4      | Found an ancient bone altar of Kikubaaqudgha.
  3343 | D:4      | Found a radiant altar of Vehumet.
  3620 | D:5      | Entered Level 5 of the Dungeon
  3655 | D:5      | Found a sand-covered staircase.
  3673 | Ossuary  | Entered an ossuary
  3943 | Ossuary  | Reached skill level 5 in Fighting
  3971 | Ossuary  | Noticed Menkaure
  3987 | Ossuary  | Mangled by Menkaure

Levels and vault maps discovered:
D:1:      lemuel_arrival_broad_hall, layout_basic, st_stairs_3, hex_medium,
          chequers_serial_rivers_micro_a, minivault_11
D:2:      minmay_chambers_of_ones, layout_basic, old_standard_altar,
          lemuel_coloured_pillars_altar, nicolae_ru_great_annihilating_truth,
          uniq_sigmund, uniq_terence
D:3:      layout_loops_ring, lightli_sewer_entry_pipes, fedhas_altar_fruit_tree
D:4:      layout_basic, lemuel_doored_altar, first_ration, vehumet_altar_wand_db
D:5:      minmay_razor_zed, layout_basic, kennysheep_okawaru_gauntlet,
          enter_ossuary_3
Ossuary:  ossuary_due_pyramid

Skill      XL: |  1  2  3  4  5  6  7 |
---------------+----------------------+-----
Short Blades   | 2 3 4 5 |  5.3
Shields        | 3 4 5 |  5.7
Armour         | 3 |  3.0
Fighting       | 4 5 |  5.0

Action                   |  1- 3 |  4- 6 |  7- 9 || total
-------------------------+-------+-------+-------++-------
Melee: Rapier            |    98 |   177 |   238 ||   513
  Use: Potion            |       |     1 |       ||     1
       Scroll            |       |       |     6 ||     6
 Stab: Paralysed         |     1 |       |       ||     1
  Eat: Chunk             |       |     5 |     6 ||    11
Armor: Scale mail        |    45 |    57 |    53 ||   155
Dodge: Dodged            |    25 |    39 |    40 ||   104
Block: Kite shield       |    49 |    81 |    89 ||   219

Table legend:
 A = Non-vault XP
 B = Vault XP
 C = Vault XP percentage of total XP
 D = Non-vault monster count
 E = Vault monster count
 F = Vault count percentage of total count
                 A         B        C        D         E       F
            +---------+---------+-------+---------+---------+-------
      Total |     779 |     515 |  39.8 |      93 |      81 |  46.6
            +---------+---------+-------+---------+---------+-------
        D:1 |      32 |       3 |   8.6 |      22 |       2 |   8.3
        D:2 |     140 |     332 |  70.3 |      28 |      11 |  28.2
        D:3 |     172 |      63 |  26.8 |      20 |       8 |  28.6
        D:4 |     392 |       2 |   0.5 |      18 |       1 |   5.3
        D:5 |      43 |       2 |   4.4 |       5 |       2 |  28.6
      Sewer |       0 |      51 | 100.0 |       0 |      12 | 100.0
    Ossuary |       0 |      62 | 100.0 |       0 |      45 | 100.0
            +---------+---------+-------+---------+---------+-------
